 Dungeon Crawl Stone Soup version 0.26-a0-649-gf8c6c3aab7 (webtiles) character file.

Game seed: 2458208108842205736

25 djmy96 the Covert (level 2, -7/16 HPs)
             Began as a Spriggan Delver on Sept 28, 2020.
             Killed from afar by Blork the orc (10 damage)
             ... with a magic dart
             ... on level 5 of the Dungeon.
             The game lasted 00:01:54 (333 turns).

djmy96 the Covert (Spriggan Delver)                  Turns: 333, Time: 00:01:54

Health: -7/16      AC:  2    Str:  8    XL:     2   Next: 86%
Magic:  3/3        EV: 18    Int: 11    God:
Gold:   40         SH:  0    Dex: 17    Spells: 1/1 levels left

rFire    . . .     SeeInvis +   a - +0 short sword
rCold    . . .     Faith    .   (shield restricted)
rNeg     . . .     Spirit   .   b - +0 robe
rPois    .         Reflect  .   (helmet restricted)
rElec    .         Harm     .   (no cloak)
rCorr    .         Rampage  .   (gloves unavailable)
MR       .....                  (boots unavailable)
Stlth    ++++......             (no amulet)
HPRegen  0.05/turn              (no ring)
MPRegen  0.08/turn              (no ring)

@: studying Short Blades, very quick
A: very small, unfitting armour, see invisible, speed 3
a: no special abilities


You were on level 5 of the Dungeon.
You visited 1 branch of the dungeon, and saw 1 of its levels.

You collected 40 gold pieces.

Inventory:

Hand Weapons
 a - a +0 short sword (weapon)
Armour
 b - a +0 robe (worn)
Wands
 g - a wand of digging (3)
 i - a wand of acid (14)
Scrolls
 c - a scroll of fog
 d - a scroll of magic mapping
 e - a scroll of fear
 h - a scroll of identify {unknown}
 k - a scroll of enchant weapon {unknown}
 l - a scroll of immolation {unknown}
Potions
 f - a potion of haste
 m - 2 potions of heal wounds {unknown}
Books
 j - a manual of Short Blades


   Skills:
 - Level 2.4 Fighting
 - Level 2.1 Short Blades
 - Level 3.0 Dodging
 + Level 8.6 Stealth


You had one spell level left.
You didn't know any spells.
Your spell library contained the following spells:

 Spells                   Type           Power        Failure   Level
 Confusing Touch          Hex            #.......     71%         3
 Gell's Gravitas          Tloc           #.........   71%         3
 Petrify                  Tmut/Erth      #.......     98%         4
 Metabolic Englaciation   Hex/Ice        #.........   100%        5
 Yara's Violent Unravell  Hex/Tmut       #.........   100%        5


Dungeon Overview and Level Annotations

Branches:
Dungeon (5/15)
 Temple: D:4-7

Altars:

Annotations:
D:5 Blork the orc


Innate Abilities, Weirdness & Mutations

You are very small and have problems with some larger weapons.
You are too small for most types of armour.
You have supernaturally acute eyesight. (SInv)
You cover ground extremely quickly.


Message History

Found a papyrus book.
A leopard gecko comes into view.
Found 22 bolts.
An orc comes into view.
Blork the orc comes into view.
He is wielding a +0 short sword.
Found a metallic golden potion.
You see here a book of Misfortune.
You pick up a book of Misfortune and begin reading...
You add the spells Confusing Touch, Gell's Gravitas, Petrify, Metabolic Englaciation and Yara's Violent Unravelling to your library.
Blork the orc shouts!
Blork the orc points at you and mumbles some strange words.
The puff of flame hits you.
Blork the orc gestures at you while chanting.
The magic dart hits you!
Ouch! That really hurt!
* * * LOW HITPOINT WARNING * * *
Blork the orc gestures at you while chanting.
The magic dart hits you!
Ouch! That really hurt!
You die...

.o....# #...<#######.###.#..#.#.#
......###.............##.#..#..#
...........l..............>.#.#.#
...............(.............###.
..#o..........................#.#
..#............................##
......................#+#......Y#
......................#.#.#####..
..$........o....@.......#........
...........#########......)####.#
...........# ###..##.# #.#
...........# #..##.# #.#
...........# ###..##†# #.#
..##.......# ######....##+## #.#
.. #.......# #........>....###.#
. #.....### #.............'.#.#
#.....# #>............#.#.#


You could see Blork the orc and an iguana (wandering).

Vanquished Creatures
  A worker ant (D:5)
  An orc (D:5)
  A jackal (D:5)
3 creatures vanquished.

Notes
Turn   | Place    | Note
-------+----------+-------------------------------------------
     0 | D:5      | djmy96 the Spriggan Delver began the quest for the Orb.
     0 | D:5      | Reached XP level 1. HP: 11/11 MP: 2/2
    83 | D:5      | Noticed a worker ant
    84 | D:5      | Noticed a sky beast
   108 | D:5      | Killed a worker ant
   108 | D:5      | Reached skill level 8 in Stealth
   108 | D:5      | Reached XP level 2. HP: 16/16 MP: 3/3
   276 | D:5      | Noticed an ogre
   301 | D:5      | Noticed Blork the orc
   333 | D:5      | Killed from afar by Blork the orc

Illustrated notes

Levels and vault maps discovered:
D:5:      black_bear_nest_1, layout_basic, basic_altar,
          chequers_decorated_corner, minmay_manual_mail, uniq_blork_the_orc

Skill      XL: |  1 |
---------------+----+-----
Stealth        | 8 |  8.6
Fighting       | |  2.4
Short Blades   | |  2.1
Dodging        | |  3.0

Action                   || total
-------------------------++-------
Melee: Short sword       ||     8
Evoke: Wand              ||     1
Dodge: Dodged            ||     8

Table legend: (Time is in decaauts)
 A = Elapsed time spent in this place.
 B = Non-inter-level travel time spent in this place.
 C = Inter-level travel time spent in this place.
 D = Time resting spent in this place.
 E = Time spent auto-exploring this place.
 F = Levels seen in this place.
 G = Mean time per level.
                   A        B        C        D        E       F      G
               +--------+--------+--------+--------+--------+-----+--------+
         Total |    226 |    226 |      0 |      0 |     91 |   1 |  226.0 |
       Dungeon |    226 |    226 |      0 |      0 |     91 |   1 |  226.0 |
               +--------+--------+--------+--------+--------+-----+--------+

Top non-repeatable levels by time:
     D:5: 226 daAuts
